 Dungeon Crawl Stone Soup version 0.20.1-1-g8b1a95d (webtiles) character file.

11156 polve the Destroyer (level 11, -8/64 HPs)
             Began as a Tengu Conjurer on July 8, 2017.
             Was a High Priest of Dithmenos.
             Mangled by a white ugly thing (22 damage)
             ... in an ice cave.
             The game lasted 00:28:18 (17282 turns).

polve the Destroyer (Tengu Conjurer)               Turns: 17282, Time: 00:28:18

Health: -8/64      AC:  5    Str: 10    XL:     11   Next: 73%
Magic:  12/15      EV: 23    Int: 18    God:    Dithmenos [*****.]
Gold:   634        SH:  0    Dex: 14    Spells: 1/14 levels left

rFire    + . .     SeeInvis .   a - +1 dagger (venom)
rCold    . . .     Gourm    +   (no shield)
rNeg     . . .     Faith    .   o - +0 robe
rPois    .         Spirit   .   (helmet restricted)
rElec    .         Reflect  .   (no cloak)
rCorr    .         Harm     .   n - +2 pair of gloves
MR       .....                  (boots unavailable)
Stlth    +++++++...             K - amulet of the gourmand
Regen    0.2/turn               u - ring of protection from cold
MPRegen  0.2/turn               y - ring of fire

@: flying quickly and evasively, wreathed by umbra, quick
A: beak, talons 3, able to fly 1
a: Shadow Step, Shadow Form, Renounce Religion


You were in an ice cave.
You worshipped Dithmenos.
Dithmenos was extremely pleased with you.
You were full.

You visited 2 branches of the dungeon, and saw 13 of its levels.
You also visited: Ice Cave.

You collected 634 gold pieces.

Inventory:

Hand Weapons
 a - a +1 dagger of venom (weapon)
 b - a +1 whip of electrocution
 f - a +0 scimitar
Armour
 n - a +2 pair of gloves (worn)
 o - a +0 robe (worn)
Jewellery
 u - a ring of protection from cold (left hand)
 y - a ring of fire (right hand)
 K - an amulet of the gourmand (around neck)
Wands
 C - a wand of lightning (7/15)
 H - a wand of paralysis (7/24)
Scrolls
 d - a scroll of remove curse
 e - 3 scrolls of teleportation
 h - a scroll of amnesia {unknown}
 k - 2 scrolls of recharging
 r - 4 scrolls of blinking
 w - 3 scrolls of magic mapping
 x - 2 scrolls of fog
 z - 2 scrolls of enchant armour {unknown}
 A - a scroll of enchant weapon {unknown}
 B - a scroll of fear {unknown}
 L - a scroll of immolation {unknown}
 M - a scroll of identify
Potions
 i - a potion of magic {unknown}
 j - a potion of berserk rage {unknown}
 l - 2 potions of agility
 m - a potion of haste {unknown}
 p - 2 potions of ambrosia
 q - 4 potions of curing
 s - 2 potions of brilliance {unknown}
 t - 3 potions of flight {unknown}
 G - 2 potions of heal wounds
 I - a potion of lignification {unknown}
 N - a potion of experience {unknown}
Books
 g - a book of Conjurations

   Spells                             Type                      Level
   a - Magic Dart                     Conjuration                  1
   b - Searing Ray                    Conjuration                  2
   c - Dazzling Spray                 Conjuration/Hexes            3
   d - Fulminant Prism                Conjuration/Hexes            4
   e - Force Lance                    Conjuration/Translocation    4
   f - Iskenderun's Mystic Blast      Conjuration                  4
 v - a book of Cantrips

   Spells                             Type                      Level
   a - Confusing Touch                Hexes                        1
   b - Animate Skeleton               Necromancy                   1
   c - Summon Small Mammal            Summoning                    1
   d - Apportation                    Translocation                1
 D - a book of Minor Magic

   Spells                             Type                      Level
   a - Magic Dart                     Conjuration                  1
   b - Blink                          Translocation                2
   c - Call Imp                       Summoning                    2
   d - Slow                           Hexes                        2
   e - Conjure Flame                  Conjuration/Fire             3
   f - Mephitic Cloud                 Conjuration/Poison/Air       3
 E - a book of Necromancy

   Spells                             Type                      Level
   a - Pain                           Necromancy                   1
   b - Animate Skeleton               Necromancy                   1
   c - Vampiric Draining              Necromancy                   3
   d - Regeneration                   Charms/Necromancy            3
   e - Animate Dead                   Necromancy                   4
   f - Control Undead                 Necromancy                   4
Comestibles
 c - 10 bread rations
 F - 3 meat rations
 J - a royal jelly
 O - 2 chunks of flesh


   Skills:
 - Level 6.0 Fighting
 + Level 3.1 Long Blades
 - Level 2.1 Armour
 + Level 11.7 Dodging
 - Level 10.0 Stealth
 - Level 2.0 Spellcasting
 - Level 12.0 Conjurations
 - Level 4.0 Air Magic
 - Level 2.0 Poison Magic


You had one spell level left.
You knew the following spells:

 Your Spells              Type           Power        Failure   Level  Hunger
a - Magic Dart            Conj           ####         1%          1    #......
b - Searing Ray           Conj           #####.       1%          2    ###....
c - Iskenderun's Mystic   Conj           #####...     1%          4    #####..
d - Mephitic Cloud        Conj/Pois/Air  ###.....     4%          3    ###....
e - Blink                 Tloc           N/A          26%         2    ###....
f - Apportation           Tloc           #.....       19%         1    #......


Dungeon Overview and Level Annotations

Branches:
Dungeon (11/15)            Temple (0/1) D:5            Lair (2/6) D:9
    Orc (0/2) D:9
  Swamp: Lair:2-4    Shoals: Lair:2-4     Snake: Lair:2-4    Spider: Lair:2-4

Altars:
Dithmenos
Gozag
Hepliaklqana
Kikubaaqudgha
Makhleb
Okawaru
Ru
Sif Muna
Trog
Xom
Yredelemnul
Zin
Beogh

Shops:
D:8 *   D:9 %

Annotations:
IceCv exclusion: 2 ice statues


Innate Abilities, Weirdness & Mutations

You have a beak for a mouth.
You have claws for feet.
You can fly.


Message History

The ice statue gestures.
The ice statue gestures at you. The shard of ice misses you.
The white ugly thing gores you. The white ugly thing freezes you!
The ice statue gestures.
The ice statue gestures at you. The bolt of cold hits you!
* * * LOW HITPOINT WARNING * * *
The bolt of cold hits the ice beast.
The ice beast completely resists.
The ice statue glitters chillingly in the dim dungeon light.
The ice statue gestures. x2
Okay, then.
Casting: Mephitic Cloud
Confirm with . or Enter, or press ? or * to list all spells.
Aiming: Apportation
Press: ? - help, Dir - move target cursor Apport: a colourful robe Yoink!
You pull the item towards yourself.
The ice beast misses you. The white ugly thing gores you!
* * * LOW HITPOINT WARNING * * *
The white ugly thing freezes you!!
You die...

##...∩...##
##.........##
#...........#
#...........#
##........Y..#
#.............#
#....8Y..8....#
#....u.?......#
##...@YY?....##
#...8...8...#
##...(.$...##
###########


You could see 2 ice statues, a white ugly thing and 4 ice beasts.

Vanquished Creatures
  4 two-headed ogres (D:8)
  Pikel (D:7)
  A spiny frog (Lair:1)
  A komodo dragon (Lair:1)
  A rime drake (Lair:2)
  A troll (D:8)
  A polar bear (Lair:2)
  A hippogriff (Lair:1)
  Sigmund (D:6)
  A spriggan (D:8)
  5 yaks (Lair:1)
  A hungry ghost (D:9)
  Eustachio (D:5)
  Menkaure (D:5)
  Edmund (D:6)
  A soldier ant (D:10)
  2 water moccasins (D:7)
  2 hell hounds (D:9)
  A black bear (D:5)
  6 orc warriors
  A slave (D:7)
  2 sky beasts
  An eye of draining (D:10)
  The ghost of polve the Conjurer, an amateur DrCj (D:3)
  3 centaurs
  7 ogres
  3 crocodiles (Lair:1)
  4 big kobolds
  5 bullfrogs
  A gnoll sergeant (D:9)
  3 scorpions
  A water moccasin skeleton (D:4)
  3 howler monkeys
  10 crimson imps
  A quasit (D:9)
  2 bullfrog zombies
  A jelly (D:7)
  A gnoll shaman (D:6)
  4 orc priests
  A bullfrog skeleton (D:8)
  10 hounds
  8 worker ants
  3 iguanas
  15 orc wizards
  2 hound zombies
  A hound skeleton (D:3)
  10 gnolls
  12 adders
  2 shadow imps
  An ooze (D:1)
  An adder zombie (D:9)
  An adder skeleton (D:7)
  2 worms
  4 dart slugs
  9 leopard geckos
  45 orcs
  11 giant cockroaches
  6 goblins
  10 hobgoblins
  9 jackals
  13 kobolds
  3 quokkas
  A ball python (D:3)
  9 bats
  6 frilled lizards
  A leopard gecko zombie (D:8)
  2 quokka skeletons (D:4)
  4 rats
290 creatures vanquished.

Vanquished Creatures (others)
  2 slaves (D:7)
  2 wights (D:7)
  An orc wizard (D:7)
  An orc priest (D:7)
  2 orcs (D:7)
8 creatures vanquished.

Grand Total: 298 creatures vanquished

Notes
Turn   | Place    | Note
-------+----------+-------------------------------------------
     0 | D:1      | polve the Tengu Conjurer began the quest for the Orb.
     0 | D:1      | Reached XP level 1. HP: 10/10 MP: 4/4
   187 | D:1      | Reached XP level 2. HP: 15/15 MP: 1/6
   267 | D:1      | Reached skill level 6 in Conjurations
   367 | D:1      | Learned a level 2 spell: Searing Ray
   483 | D:1      | Reached XP level 3. HP: 19/19 MP: 4/7
  1109 | D:1      | Reached skill level 7 in Conjurations
  1579 | D:2      | You fall through a shaft!
  1579 | D:3      | Found a hazy altar of Hepliaklqana.
  1584 | D:3      | Reached XP level 4. HP: 24/24 MP: 8/8
  2254 | D:2      | Reached skill level 8 in Conjurations
  2260 | D:2      | Learned a level 4 spell: Iskenderun's Mystic Blast
  2344 | D:2      | Gained mutation: You can fly. [Tengu growth]
  2344 | D:2      | Reached XP level 5. HP: 28/28 MP: 9/9
  2566 | D:2      | Found a shadowy altar of Dithmenos.
  2582 | D:2      | Became a worshipper of Dithmenos the Shadowed
  2675 | D:2      | Reached skill level 1 in Fighting
  2895 | D:3      | Found an opulent altar of Gozag.
  2897 | D:3      | Found a basalt altar of Yredelemnul.
  2899 | D:3      | Found a sacrificial altar of Ru.
  3103 | D:3      | Noticed polve's ghost (amateur DrCj)
  3567 | D:4      | Found a deep blue altar of Sif Muna.
  3583 | D:4      | Reached XP level 6. HP: 27/36 MP: 0/10
  3776 | D:4      | Identified Sif Muna's Disquisition on Attacks
  3985 | D:4      | Reached * piety under Dithmenos
  4182 | D:3      | Reached XP level 7. HP: 41/41 MP: 5/11
  4578 | D:3      | Killed polve's ghost
  4649 | D:3      | Reached skill level 5 in Stealth
  5326 | D:4      | Found a shimmering altar of Xom.
  5326 | D:4      | Found an ancient bone altar of Kikubaaqudgha.
  5327 | D:4      | Found a bloodstained altar of Trog.
  5339 | D:4      | Found a glowing silver altar of Zin.
  5744 | D:5      | Entered Level 5 of the Dungeon
  5746 | D:5      | Found a staircase to the Ecumenical Temple.
  5789 | D:5      | Reached skill level 5 in Fighting
  5802 | D:5      | Reached XP level 8. HP: 18/49 MP: 0/12
  6482 | D:5      | Noticed Eustachio
  6501 | D:5      | Killed Eustachio
  6769 | D:5      | Noticed Menkaure
  6782 | D:5      | Killed Menkaure
  7295 | D:5      | Reached ** piety under Dithmenos
  7871 | D:6      | Found an iron altar of Okawaru.
  7943 | D:6      | Noticed Sigmund
  7959 | D:6      | Killed Sigmund
  7959 | D:6      | Reached XP level 9. HP: 55/55 MP: 8/13
  8004 | D:6      | Noticed Edmund
  8019 | D:6      | Killed Edmund
  8019 | D:6      | Reached skill level 5 in Dodging
  9021 | D:6      | Found a burning altar of Makhleb.
  9451 | D:7      | Reached *** piety under Dithmenos
  9655 | D:7      | Noticed Pikel
  9666 | D:7      | Killed Pikel
  9666 | D:7      | Reached skill level 10 in Stealth
 10216 | D:7      | Reached skill level 1 in Armour
 10233 | D:7      | Learned a level 2 spell: Blink
 10237 | D:7      | Learned a level 3 spell: Mephitic Cloud
 10312 | D:7      | Reached XP level 10. HP: 19/60 MP: 14/14
 10793 | D:7      | Reached skill level 1 in Air Magic
 10878 | D:8      | Reached skill level 1 in Poison Magic
 10995 | D:8      | You fall through a shaft for 3 floors!
 11001 | D:10     | Entered Level 10 of the Dungeon
 11502 | D:9      | Found a staircase to the Lair.
 11832 | D:9      | Reached skill level 9 in Conjurations
 11972 | D:9      | Learned a level 1 spell: Apportation
 12092 | D:9      | Reached **** piety under Dithmenos
 12288 | D:9      | Found a roughly hewn altar of Beogh.
 12493 | D:9      | Found Jileraq's Food Shop.
 12571 | D:9      | Found a staircase to the Orcish Mines.
 13335 | D:8      | Noticed a two-headed ogre
 13351 | D:8      | Killed a two-headed ogre
 13351 | D:8      | Reached skill level 10 in Conjurations
 13564 | D:8      | Found Xexzepp's General Store.
 13729 | D:8      | Noticed a two-headed ogre
 13748 | D:8      | Killed a two-headed ogre
 13748 | D:8      | Reached XP level 11. HP: 64/64 MP: 1/15
 13904 | D:8      | Reached skill level 11 in Conjurations
 14443 | D:8      | Reached skill level 10 in Dodging
 15075 | Lair:1   | Entered Level 1 of the Lair of Beasts
 15145 | Lair:1   | Reached ***** piety under Dithmenos
 15162 | Lair:1   | Reached skill level 12 in Conjurations
 16090 | D:8      | Noticed a two-headed ogre
 16112 | D:8      | Killed a two-headed ogre
 16556 | D:8      | Noticed a two-headed ogre
 16561 | D:8      | Killed a two-headed ogre
 17252 | Lair:2   | Found a frozen archway.
 17265 | IceCv    | Entered an ice cave
 17265 | IceCv    | Noticed a white ugly thing
 17266 | IceCv    | Found a transporter.
 17275 | IceCv    | Noticed a white ugly thing
 17282 | IceCv    | Mangled by a white ugly thing

Skill      XL: |  1  2  3  4  5  6  7  8  9 10 11 |
---------------+----------------------------------+-----
Conjurations   | 6 7 8 10 12 | 12.0
Fighting       | 2 3 5 6 |  6.0
Stealth        | 3 4 6 8 10 | 10.0
Dodging        | 4 7 9 11 | 11.7
Armour         | 1 2 |  2.1
Air Magic      | 4 |  4.0
Poison Magic   | 2 |  2.0
Long Blades    | 3 |  3.1
Spellcasting   | |  2.0

Action                   |  1- 3 |  4- 6 |  7- 9 | 10-12 || total
-------------------------+-------+-------+-------+-------++-------
Melee: Unarmed           |     4 |       |       |       ||     4
       Kick              |     7 |    16 |    54 |    66 ||   143
       Peck              |     3 |     9 |    29 |    48 ||    89
       Whip              |    32 |    16 |   181 |    71 ||   300
       Short sword       |     6 |    54 |    90 |   113 ||   263
       Dagger            |       |       |       |   104 ||   104
 Cast: Magic Dart        |    42 |    52 |   149 |   173 ||   416
       Searing Ray       |       |       |     3 |    10 ||    13
       Mephitic Cloud    |       |       |       |    22 ||    22
       Apportation       |       |       |       |     1 ||     1
 Abil: Fly               |       |     1 |     6 |     9 ||    16
  Use: Potion            |       |       |     3 |       ||     3
       Scroll            |       |       |     7 |     8 ||    15
 Stab: Sleeping          |     3 |     6 |     8 |     6 ||    23
       Distracted        |       |       |     2 |     2 ||     4
       Confused          |       |       |       |     5 ||     5
  Eat: Chunk             |     3 |     6 |    20 |    40 ||    69
       Royal jelly       |       |     1 |     1 |     2 ||     4
Armor: Robe              |     8 |    34 |    31 |    33 ||   106
       Scale mail        |       |       |    53 |       ||    53
Dodge: Dodged            |    31 |    75 |   264 |   348 ||   718
